[ AOE2 MATCH · #505480455 ]
UnrankedBulgarians vs Poles
Player's team · LOSS
Rival team · WIN
[ REPLAY ANALYSIS · EXTRACTED FROM THE RECORDED GAME ]
Feudal
8:59
Castle
22:49
Imperial
—
| APM avg | 52.5 |
| APM peak | 124 |
| eAPM avg | 23.3 |
| Villagers / military | 59 / 6 |
Focus
⚔️ 32.4% · 🌾 67.6%
Scout Cavalry ×5 · Knight ×1
Feudal
10:22
Castle
22:37
Imperial
—
| APM avg | 56.9 |
| APM peak | 93 |
| eAPM avg | 26.1 |
| Villagers / military | 62 / 35 |
Focus
⚔️ 34.6% · 🌾 65.4%
Archer ×14 · Knight ×10 · Spearman ×5 · Scout Cavalry ×4 · Monk ×1 · Skirmisher ×1
Match map
Initial resources + every placement click. Lines = walls · curves = elevation contours. ◆ gold · ⬟ stone · ● berries · ✦ relic · ◌ wall gap
Your base· Open — 5t gap
Fs.FASTURTLE's base· ✓ Closed at 22:37 · 25t walls · 2 gate(s)
Smoothed initial terrain · ◌ = detected wall gap · hover for details
Inputs per minute
— squashy5000 - - Fs.FASTURTLE
Build order — squashy5000
149 actions detected in the replay
| 0:00 | Queue | Villager (Male) |
| 0:02 | Build | House |
| 0:02 | Build | House |
| 0:03 | Queue | Villager (Male) |
| 0:09 | Queue | Villager (Male) |
| 0:12 | Queue | Villager (Male) |
| 1:28 | Queue | Villager (Male) |
| 1:28 | Queue | Villager (Male) |
| 2:03 | Queue | Villager (Male) |
| 2:04 | Build | Lumber Camp |
| 2:12 | Queue | Villager (Male) |
| 2:44 | Queue | Villager (Male) |
| 3:07 | Queue | Villager (Male) |
| 3:39 | Queue | Villager (Male) |
| 3:58 | Build | House |
| 4:08 | Queue | Villager (Male) |
| 4:20 | Build | Mill |
| 4:21 | Queue | Villager (Male) |
| 4:33 | Queue | Villager (Male) |
| 4:43 | Queue | Villager (Male) |
| 5:07 | Queue | Villager (Male) |
| 5:19 | Queue | Villager (Male) |
| 6:05 | Research | Loom |
| 6:49 | Research | Feudal Age |
| 7:08 | Build | Lumber Camp |
| 7:55 | Build | Barracks |
| 8:00 | Queue | Villager (Male) |
| 8:52 | Build | House |
| 8:59 | Age | Feudal Age |
| 9:06 | Build | Watch Tower |
| 9:08 | Queue | Villager (Male) |
| 9:17 | Build | Stable |
| 9:29 | Build | Watch Tower |
| 9:31 | Build | House |
| 9:52 | Build | House |
| 9:53 | Queue | Villager (Male) |
| 10:10 | Build | Mill |
| 10:15 | Queue | Scout Cavalry |
| 10:20 | Queue | Villager (Male) |
| 10:30 | Queue | Villager (Male) |
| 10:41 | Queue | Scout Cavalry |
| 10:48 | Build | Mining Camp |
| 10:49 | Build | Palisade Wall |
| 10:50 | Build | Palisade Wall |
| 10:54 | Queue | Villager (Male) |
| 11:03 | Build | Palisade Wall |
| 11:08 | Research | Double-Bit Axe |
| 11:12 | Build | Farm |
| 11:16 | Queue | Villager (Male) |
| 11:16 | Queue | Villager (Male) |
| 11:35 | Build | Palisade Wall |
| 11:39 | Build | House |
| 11:50 | Build | Farm |
| 11:52 | Queue | Villager (Male) |
| 12:05 | Build | Watch Tower |
| 12:08 | Queue | Villager (Male) |
| 12:30 | Queue | Villager (Male) |
| 12:59 | Build | Farm |
| 13:00 | Build | Archery Range |
| 13:07 | Build | Blacksmith |
| 13:11 | Queue | Scout Cavalry |
| 13:11 | Queue | Scout Cavalry |
| 13:16 | Queue | Villager (Male) |
| 13:18 | Build | House |
| 13:21 | Build | Farm |
| 13:23 | Build | Farm |
| 13:28 | Build | House |
| 13:31 | Queue | Villager (Male) |
| 13:47 | Build | Farm |
| 13:51 | Build | House |
| 14:04 | Build | Farm |
| 14:05 | Queue | Villager (Male) |
| 14:12 | Build | Farm |
| 14:14 | Build | Farm |
| 14:19 | Research | Forging |
| 14:19 | Research | Forging |
| 14:19 | Research | Forging |
| 14:23 | Build | House |
| 14:39 | Queue | Villager (Male) |
| 14:48 | Build | House |
| 14:49 | Build | House |
| 14:58 | Build | Watch Tower |
| 15:00 | Queue | Villager (Male) |
| 15:15 | Queue | Villager (Male) |
| 15:17 | Build | Palisade Wall |
| 15:26 | Build | Farm |
| 15:28 | Queue | Villager (Male) |
| 15:31 | Build | House |
| 15:35 | Build | Palisade Wall |
| 15:43 | Queue | Scout Cavalry |
| 15:47 | Queue | Villager (Male) |
| 16:06 | Build | Farm |
| 16:10 | Queue | Villager (Male) |
| 16:19 | Queue | Villager (Male) |
| 16:20 | Build | Farm |
| 16:22 | Build | Farm |
| 16:42 | Build | Palisade Wall |
| 16:44 | Queue | Villager (Male) |
| 16:56 | Queue | Villager (Male) |
| 17:04 | Build | Mining Camp |
| 17:18 | Queue | Villager (Male) |
| 17:38 | Queue | Villager (Male) |
| 17:43 | Queue | Villager (Male) |
| 17:46 | Build | House |
| 17:51 | Build | Farm |
| 17:58 | Queue | Villager (Male) |
| 18:06 | Build | Market |
| 18:16 | Build | Palisade Wall |
| 18:25 | Build | Archery Range |
| 18:47 | Build | House |
| 19:27 | Build | Mining Camp |
| 20:09 | Research | Castle Age |
| 20:21 | Build | Stone Wall |
| 20:23 | Build | Stone Wall |
| 20:25 | Queue | Villager (Male) |
| 20:30 | Build | House |
| 20:31 | Build | House |
| 20:33 | Build | Stone Wall |
| 20:35 | Queue | Villager (Male) |
| 21:31 | Research | Bloodlines |
| 21:31 | Research | Bloodlines |
| 21:38 | Build | Farm |
| 21:40 | Build | House |
| 22:00 | Queue | Villager (Male) |
| 22:10 | Build | Market |
| 22:17 | Build | Watch Tower |
| 22:49 | Age | Castle Age |
| 23:02 | Build | Krepost |
| 23:10 | Build | Krepost |
| 23:12 | Queue | Villager (Male) |
| 23:15 | Queue | Knight |
| 23:35 | Build | Town Center |
| 23:37 | Queue | Villager (Male) |
| 23:53 | Queue | Villager (Male) |
| 24:06 | Build | Gate |
| 24:07 | Queue | Villager (Male) |
| 24:15 | Build | Watch Tower |
| 24:41 | Queue | Villager (Male) |
| 25:04 | Queue | Villager (Male) |
| 25:50 | Build | Krepost |
| 25:52 | Queue | Villager (Male) |
| 25:54 | Build | Farm |
| 26:02 | Queue | Villager (Male) |
| 26:13 | Queue | Villager (Male) |
| 26:24 | Build | Farm |
| 26:27 | Queue | Villager (Male) |
| 26:27 | Queue | Villager (Male) |
| 26:37 | Build | Farm |
| 26:49 | Queue | Villager (Male) |
Build order — Fs.FASTURTLE
First 150 of 185 actions detected
| 0:00 | Queue | Villager (Male) |
| 0:01 | Queue | Villager (Male) |
| 0:01 | Queue | Villager (Male) |
| 0:02 | Build | House |
| 0:03 | Build | House |
| 0:05 | Queue | Villager (Male) |
| 0:06 | Queue | Villager (Male) |
| 1:31 | Queue | Villager (Male) |
| 1:31 | Queue | Villager (Male) |
| 1:52 | Build | Lumber Camp |
| 2:05 | Queue | Villager (Male) |
| 2:05 | Queue | Villager (Male) |
| 2:14 | Queue | Villager (Male) |
| 2:14 | Queue | Villager (Male) |
| 2:45 | Queue | Villager (Male) |
| 2:45 | Queue | Villager (Male) |
| 3:09 | Queue | Villager (Male) |
| 3:36 | Build | House |
| 3:40 | Queue | Villager (Male) |
| 4:04 | Queue | Villager (Male) |
| 4:10 | Queue | Villager (Male) |
| 4:10 | Queue | Villager (Male) |
| 4:42 | Queue | Villager (Male) |
| 4:43 | Queue | Villager (Male) |
| 4:43 | Queue | Villager (Male) |
| 5:34 | Build | Barracks |
| 5:45 | Queue | Villager (Male) |
| 6:04 | Build | House |
| 6:05 | Build | Palisade Wall |
| 6:05 | Build | Palisade Wall |
| 6:13 | Queue | Villager (Male) |
| 6:20 | Build | Palisade Wall |
| 6:21 | Build | Palisade Wall |
| 6:22 | Queue | Villager (Male) |
| 6:32 | Research | Loom |
| 7:15 | Queue | Villager (Male) |
| 7:26 | Build | Mill |
| 7:39 | Queue | Villager (Male) |
| 8:12 | Research | Feudal Age |
| 8:12 | Research | Feudal Age |
| 8:19 | Build | Palisade Wall |
| 8:46 | Build | Mining Camp |
| 8:51 | Build | Palisade Wall |
| 8:52 | Build | Palisade Wall |
| 8:53 | Build | Palisade Wall |
| 9:17 | Queue | Villager (Male) |
| 10:22 | Age | Feudal Age |
| 10:24 | Build | Archery Range |
| 10:25 | Build | Archery Range |
| 10:28 | Research | Double-Bit Axe |
| 10:28 | Research | Horse Collar |
| 10:29 | Research | Horse Collar |
| 10:33 | Build | Lumber Camp |
| 10:41 | Build | Palisade Wall |
| 10:47 | Queue | Villager (Male) |
| 10:58 | Queue | Villager (Male) |
| 11:05 | Queue | Archer |
| 11:18 | Queue | Villager (Male) |
| 11:27 | Queue | Spearman |
| 11:28 | Queue | Villager (Male) |
| 11:32 | Queue | Archer |
| 11:53 | Build | Farm |
| 12:03 | Queue | Archer |
| 12:06 | Build | Farm |
| 12:13 | Build | Watch Tower |
| 12:25 | Queue | Villager (Male) |
| 12:36 | Build | House |
| 12:54 | Queue | Archer |
| 12:57 | Build | House |
| 13:00 | Queue | Spearman |
| 13:06 | Build | Farm |
| 13:12 | Queue | Archer |
| 13:13 | Queue | Villager (Male) |
| 13:17 | Build | Blacksmith |
| 13:37 | Build | Farm |
| 13:45 | Build | House |
| 13:49 | Queue | Villager (Male) |
| 13:51 | Queue | Villager (Male) |
| 14:00 | Build | Mill |
| 14:03 | Queue | Archer |
| 14:12 | Build | Farm |
| 14:16 | Build | Farm |
| 14:34 | Build | Farm |
| 14:36 | Queue | Archer |
| 14:40 | Research | Fletching |
| 14:41 | Research | Fletching |
| 14:41 | Queue | Villager (Male) |
| 14:48 | Queue | Villager (Male) |
| 14:53 | Build | Farm |
| 15:05 | Queue | Archer |
| 15:06 | Queue | Villager (Male) |
| 15:19 | Queue | Villager (Male) |
| 15:31 | Build | Farm |
| 15:35 | Research | Town Watch |
| 15:36 | Research | Town Watch |
| 15:38 | Build | Farm |
| 15:41 | Queue | Spearman |
| 15:53 | Queue | Archer |
| 15:54 | Queue | Villager (Male) |
| 15:57 | Build | Farm |
| 16:00 | Queue | Spearman |
| 16:11 | Build | House |
| 16:13 | Build | Palisade Wall |
| 16:16 | Build | House |
| 16:22 | Queue | Villager (Male) |
| 16:24 | Build | Farm |
| 16:38 | Queue | Villager (Male) |
| 16:44 | Build | House |
| 17:12 | Queue | Villager (Male) |
| 17:39 | Queue | Villager (Male) |
| 17:44 | Queue | Villager (Male) |
| 17:48 | Build | Mill |
| 17:51 | Build | Farm |
| 17:51 | Build | Farm |
| 17:51 | Build | Farm |
| 17:51 | Build | Farm |
| 18:01 | Queue | Villager (Male) |
| 18:28 | Build | Palisade Gate |
| 18:46 | Build | Stable |
| 18:57 | Queue | Skirmisher |
| 19:22 | Queue | Villager (Male) |
| 19:50 | Queue | Archer |
| 19:55 | Research | Gold Mining |
| 19:55 | Research | Gold Mining |
| 19:57 | Research | Castle Age |
| 19:57 | Research | Castle Age |
| 20:19 | Queue | Scout Cavalry |
| 20:21 | Research | Scale Barding Armor |
| 20:21 | Research | Scale Barding Armor |
| 20:43 | Queue | Scout Cavalry |
| 20:49 | Build | Stable |
| 21:06 | Research | Bloodlines |
| 21:06 | Research | Bloodlines |
| 21:15 | Build | Farm |
| 21:43 | Build | Palisade Gate |
| 21:58 | Queue | Villager (Male) |
| 22:08 | Queue | Spearman |
| 22:37 | Age | Castle Age |
| 22:40 | Queue | Knight |
| 22:40 | Queue | Knight |
| 22:54 | Research | Crossbowman (upgrade) |
| 22:54 | Research | Bodkin Arrow |
| 22:54 | Research | Bodkin Arrow |
| 22:56 | Queue | Villager (Male) |
| 22:59 | Build | Town Center |
| 23:06 | Research | Bow Saw |
| 23:06 | Research | Bow Saw |
| 23:15 | Queue | Archer |
| 23:19 | Queue | Villager (Male) |
| 23:33 | Queue | Archer |
Match timeline
| 5:34 | Fs.FASTURTLE · first_building Barracks |
| 6:05 | Fs.FASTURTLE · wall_segment Palisade Wall x1 |
| 6:05 | Fs.FASTURTLE · wall_segment Palisade Wall x1 |
| 6:20 | Fs.FASTURTLE · wall_segment Palisade Wall x5 |
| 6:21 | Fs.FASTURTLE · wall_segment Palisade Wall x1 |
| 7:55 | squashy5000 · first_building Barracks |
| 8:19 | Fs.FASTURTLE · wall_segment Palisade Wall x12 |
| 8:51 | Fs.FASTURTLE · wall_segment Palisade Wall x1 |
| 8:52 | Fs.FASTURTLE · wall_segment Palisade Wall x1 |
| 8:53 | Fs.FASTURTLE · wall_segment Palisade Wall x1 |
| 8:59 | squashy5000 · age_up feudal |
| 9:17 | squashy5000 · first_building Stable |
| 10:22 | Fs.FASTURTLE · age_up feudal |
| 10:24 | Fs.FASTURTLE · first_building Archery Range |
| 10:41 | Fs.FASTURTLE · wall_segment Palisade Wall x1 |
| 10:49 | squashy5000 · wall_segment Palisade Wall x1 |
| 10:50 | squashy5000 · wall_segment Palisade Wall x1 |
| 11:03 | squashy5000 · wall_segment Palisade Wall x3 |
| 11:35 | squashy5000 · wall_segment Palisade Wall x7 |
| 13:00 | squashy5000 · first_building Archery Range |
| 15:17 | squashy5000 · wall_segment Palisade Wall x7 |
| 15:35 | squashy5000 · wall_segment Palisade Wall x10 |
| 16:13 | Fs.FASTURTLE · wall_segment Palisade Wall x1 |
| 16:42 | squashy5000 · wall_segment Palisade Wall x8 |
| 18:16 | squashy5000 · wall_segment Palisade Wall x8 |
| 18:46 | Fs.FASTURTLE · first_building Stable |
| 19:10 | squashy5000 · first_market_sell 500 wood |
| 19:12 | squashy5000 · first_market_buy 100 food |
| 20:21 | squashy5000 · wall_segment Stone Wall x1 |
| 20:23 | squashy5000 · wall_segment Stone Wall x1 |
| 20:33 | squashy5000 · wall_segment Stone Wall x1 |
| 22:37 | Fs.FASTURTLE · age_up castle |
| 22:49 | squashy5000 · age_up castle |
| 23:02 | squashy5000 · first_building Krepost |
| 24:57 | Fs.FASTURTLE · first_building Monastery |
| 27:10 | squashy5000 · resign |
[ AI ANALYSIS · 1 CREDIT ]
What really happened in this match?
Wolo.gg analyzes every decision: build order, eco, micro, common mistakes by bracket. Personalized analysis on WhatsApp or Discord in 30 seconds.
Civ guide
Bulgarians
Perfil
Jugador #2194634